 Dungeon Crawl Stone Soup version 0.27-a0-869-g165b36e3f0 (webtiles) character file.

Game seed: 8021081750727061141

98 voltaire321 the Sneak (level 4, -1/28 HPs)
             Began as an Octopode Enchanter on Apr 3, 2021.
             Slain by an adder (2 damage)
             ... on level 3 of the Dungeon.
             The game lasted 00:06:02 (2317 turns).

voltaire321 the Sneak (Octopode Enchanter)          Turns: 2317, Time: 00:06:03

Health: -1/28      AC:  1    Str:  7    XL:     4   Next: 71%
Magic:  1/7        EV: 13    Int: 23    God:
Gold:   66         SH:  0    Dex: 13    Spells: 4/7 levels left

rFire    . . .     SeeInvis .   a - +1 dagger
rCold    . . .     Faith    .   (no shield)
rNeg     . . .     Spirit   .   (helmet restricted)
rPois    .         Reflect  .   b - amulet of the acrobat
rElec    .         Harm     .   f - +6 ring of intelligence
rCorr    .         Rampage  .   s - +4 ring of slaying
Will     .....                  (no ring)
Stlth    ++++......             (no ring)
HPRegen  0.09/turn              (no ring)
MPRegen  0.10/turn              (no ring)
                                (no ring)
                                (no ring)

@: no status effects
A: almost no armour, amphibious, 8 rings, camouflage 1, gelatinous body 1,
(nimble swimmer 1), tentacles
a: no special abilities


You were on level 3 of the Dungeon.
You visited 1 branch of the dungeon, and saw 3 of its levels.

You collected 66 gold pieces.

Inventory:

Hand Weapons
 a - a +1 dagger (weapon)
Missiles
 h - 22 poisoned darts
Magical Staves
 d - a staff of cold
Jewellery
 b - an amulet of the acrobat (around mantle)
 f - a +6 ring of intelligence (left tentacle)
 s - a +4 ring of slaying (right tentacle)
Scrolls
 e - a scroll of fog {unknown}
 j - a scroll of blinking {unknown}
 l - a scroll of holy word {unknown}
 m - a scroll of enchant armour {unknown}
 n - 3 scrolls of identify {unknown}
 o - a scroll of brand weapon {unknown}
 r - a scroll of teleportation {unknown}
Potions
 c - 3 potions of curing
 g - a potion of might {unknown}
 i - a potion of berserk rage {unknown}
 k - a potion of magic {unknown}
 p - a potion of lignification {unknown}
 q - a potion of invisibility {unknown}


   Skills:
 + Level 1.2 Fighting
 + Level 1.7 Short Blades
 + Level 2.6 Dodging
 + Level 4.8 Stealth
 + Level 2.4 Spellcasting
 + Level 3.4 Hexes
 + Level 1.0 Ice Magic


You had 4 spell levels left.
You knew the following spells:

 Your Spells              Type           Power      Damage    Failure   Level
a - Corona                Hex            20%        N/A       3%          1
b - Ensorcelled Hibernat  Hex/Ice        24%        N/A       8%          2

Your spell library contained the following spells:

 Spells                   Type           Power      Damage    Failure   Level
 Confusing Touch          Hex            18%        N/A       9%          3
 Tukima's Dance           Hex            18%        N/A       9%          3
 Dazzling Flash           Conj/Hex       20%        N/A       19%         3


Dungeon Overview and Level Annotations

Branches:
Dungeon (3/15)

Altars:

Annotations:
D:3 Purgy


Innate Abilities, Weirdness & Mutations

You cannot wear most types of armour.
You are amphibious.
You can wear up to eight rings at the same time.
Your skin changes colour to match your surroundings (Stealth+).
Your rubbery body absorbs attacks. (AC +1, EV +1)
((You are camouflaged near water. (Stealth+)))
You have tentacles for arms and can constrict up to eight enemies at once.


Message History

Purgy closely misses you. Purgy claws you.
* * * LOW HITPOINT WARNING * * *
You hit Purgy.
Purgy is almost dead.
The adder bites you but does no damage. Purgy bites you.
* * * LOW HITPOINT WARNING * * *
Purgy barely misses you. Purgy claws you.
* * * LOW HITPOINT WARNING * * *
Casting: Ensorcelled Hibernation (safe; 8% risk of failure)
Confirm with . or Enter, or press ? or * to list all spells.
You don't have enough magic to cast this spell.
Okay, then.
It was a potion of curing.
You feel better. The adder closely misses you. The adder bites you.
* * * LOW HITPOINT WARNING * * *
The adder misses you.
You see here a +0 pair of gloves.
The adder bites you.
* * * LOW HITPOINT WARNING * * *
You are lethally poisoned!
The adder poisons you!
You feel better. The adder bites you.
* * * LOW HITPOINT WARNING * * *
You are poisoned.
The adder poisons you!
You feel sick.
There is an open door here.
You feel sick. The adder completely misses you.
You feel sick.
You feel sick.
You are no longer poisoned.
Casting: Ensorcelled Hibernation (safe; 8% risk of failure)
Confirm with . or Enter, or press ? or * to list all spells.
Aiming: Ensorcelled Hibernation (safe; 8% risk of failure)
Press: ? - help, Shift-Dir - straight line, f - adder, p - Purgy
Aim: an adder (chance to affect: 51%)
The adder resists with some effort.
The adder bites you.
* * * LOW HITPOINT WARNING * * *
The adder bites you.
You die...

.. #...# ####..........†
##..######......#####
#.#..............###
##†..##########....##
########..#.#........#....##
.........##.'T.[.....#..#...
########...T#........#..#...
#.##S#........#.##...
#.##@#........#....##
#.##.#........#.#####
#.##.#.†......'.### #
#.#..#........#...# #
..#..##########.#.# # ......
... .. #### ####. #. .##. .


You could see Purgy and an adder.

Vanquished Creatures
  Crazy Yiuf (D:3)
  An adder (D:3)
  A dart slug (D:1)
  An orc (D:3)
  3 bats
  3 endoplasms
  2 giant cockroaches
  6 goblins (D:1)
  2 hobgoblins
  4 jackals (D:2)
  8 kobolds
  4 quokkas
  7 ball pythons
  6 frilled lizards
  6 rats
55 creatures vanquished.

Vanquished Creatures (others)
  9 plants (D:3)
9 creatures vanquished.

Grand Total: 64 creatures vanquished

Notes
Turn   | Place    | Note
-------+----------+-------------------------------------------
     0 | D:1      | voltaire321 the Octopode Enchanter began the quest for the
                  | Orb.
     0 | D:1      | Reached XP level 1. HP: 11/11 MP: 3/3
   250 | D:1      | Reached XP level 2. HP: 18/18 MP: 1/5
   265 | D:1      | Learned a level 2 spell: Ensorcelled Hibernation
   573 | D:1      | Found a faded altar of an unknown god.
   590 | D:1      | Reached XP level 3. HP: 18/22 MP: 6/6
  1866 | D:2      | Reached skill level 1 in Fighting
  2156 | D:3      | Found a runed translucent door.
  2157 | D:3      | Noticed Crazy Yiuf
  2163 | D:3      | Killed Crazy Yiuf
  2164 | D:3      | Reached XP level 4. HP: 28/28 MP: 4/7
  2243 | D:3      | Reached skill level 1 in Ice Magic
  2293 | D:3      | Noticed Purgy
  2302 | D:3      | HP: 1/28 [Purgy (2)]
  2317 | D:3      | HP: 1/28 [adder (3)]
  2317 | D:3      | Slain by an adder

Illustrated notes

Levels and vault maps discovered:
D:1:      lemuel_arrival_cross, layout_basic, basic_ecumenical_altar
D:2:      layout_rooms, minmay_fractal_squares_gapless_5
D:3:      layout_rooms, serial_bayou_lagoon_a, minivault_25,
          uniq_crazy_yiuf_cottage, uniq_purgy

Skill      XL: |  1  2  3  4 |
---------------+-------------+-----
Fighting       | 1 |  1.2
Ice Magic      | 1 |  1.0
Short Blades   | |  1.7
Dodging        | |  2.6
Stealth        | |  4.8
Spellcasting   | |  2.4
Hexes          | |  3.4

Action                   |  1- 3 |  4- 6 || total
-------------------------+-------+-------++-------
Melee: Dagger            |   100 |     9 ||   109
       Tentacles         |    18 |     2 ||    20
       Constrict         |    26 |       ||    26
 Cast: Corona            |     6 |       ||     6
       Ensorcelled Hiber |     1 |     4 ||     5
  Use: Potion            |       |     2 ||     2
 Stab: Sleeping          |    16 |     4 ||    20
Armor: Skin              |     3 |     2 ||     5
Dodge: Dodged            |    64 |    13 ||    77

Table legend: (Time is in decaauts)
 A = Elapsed time spent in this place.
 B = Non-inter-level travel time spent in this place.
 C = Inter-level travel time spent in this place.
 D = Time resting spent in this place.
 E = Time spent auto-exploring this place.
 F = Levels seen in this place.
 G = Mean time per level.
                   A        B        C        D        E       F      G
               +--------+--------+--------+--------+--------+-----+--------+
         Total |   2309 |   2272 |     37 |    703 |   1023 |   3 |  769.7 |
       Dungeon |   2309 |   2272 |     37 |    703 |   1023 |   3 |  769.7 |
               +--------+--------+--------+--------+--------+-----+--------+

Top non-repeatable levels by time:
     D:1: 1345 daAuts
     D:2: 771 daAuts
     D:3: 192 daAuts
